 Dungeon Crawl Stone Soup version 0.31-a0-198-g2ad674f65e (webtiles) character file.

Game seed: 18089427027859273644

173 qw the Skirmisher (level 5, 0/29 HPs)
             Began as a Deep Elf Hunter on June 25, 2023.
             Slain by a quokka (1 damage)
             ... summoned by Eustachio
             ... on level 4 of the Dungeon.
             The game lasted 00:01:03 (2590 turns).

qw the Skirmisher (Deep Elf Hunter)                 Turns: 2590, Time: 00:01:03

Health: 0/29       AC:  6    Str: 10      XL:     5   Next: 28%
Magic:  7/7        EV: 11    Int: 14      God:
Gold:   116        SH:  0    Dex: 17 (18) Spells: 4/4 levels left

rFire   . . .        Y - +1 shortbow
rCold   . . .        (shield currently unavailable)
rNeg    . . .        d - +0 ring mail
rPois   .            e - +0 helmet
rElec   .            (no cloak)
rCorr   .            (no gloves)
SInv    .            (no boots)
Will    .....        (no amulet)
Stlth   +            (no ring)
HPRegen 0.24/turn    (no ring)
MPRegen 0.10/turn

%: no passive effects
@: no status effects
A: no striking features
a: no special abilities


You were on level 4 of the Dungeon.
You visited 1 branch of the dungeon, and saw 4 of its levels.

You collected 259 gold pieces.
You spent 143 gold pieces at shops.


   Skills:
 - Level 1.5 Fighting
 + Level 8.7 Ranged Weapons
 - Level 2.4 Dodging
 - Level 1.2 Stealth


You had 4 spell levels left.
You didn't know any spells.
Your spell library was empty.

Inventory:

Hand Weapons
 Y - a +1 shortbow (weapon)
Armour
 d - a +0 ring mail (worn)
 e - a +0 helmet (worn)
Scrolls
 a - 3 scrolls of identify
Potions
 b - a potion of cancellation
 c - 2 potions of curing
 f - a potion of might
 h - a potion of haste

Dungeon Overview and Level Annotations

Branches:
Dungeon (4/15)
 Temple: D:4-7

Altars:
Dithmenos
Fedhas
Qazlal
Ru
Trog

Shops:
D:2 !

Annotations:
D:4 Eustachio


Message History

The river rat's corpse disappears in a puff of smoke!
The rat barely misses you.
The quokka bites you but does no damage.
You shoot an arrow. The arrow closely misses the rat.
The rat bites you but does no damage.
The quokka bites you but does no damage.
You shoot an arrow. The arrow hits the rat!
You kill the rat!
The rat's corpse disappears in a puff of smoke!
The bat misses you. The quokka barely misses you. The quokka bites you.
You shoot an arrow. The arrow hits Eustachio.
Eustachio is heavily wounded.
The quokka completely misses you. Eustachio barely misses you.
You shoot an arrow. The arrow hits Eustachio!
Eustachio is severely wounded.
The quokka barely misses you. Eustachio misses you.
The quokka bites you but does no damage.
You shoot an arrow. The arrow barely misses Eustachio.
Eustachio closely misses you. The quokka barely misses you.
You shoot an arrow. The arrow closely misses Eustachio.
Eustachio screams, "At last I'll have my revenge!"
Eustachio casts a spell.
The quokka misses you.
You shoot an arrow. The arrow barely misses Eustachio.
The quokka bites you but does no damage.
Eustachio gestures wildly while chanting.
Eustachio blinks!
The quokka bites you but does no damage.
You shoot an arrow. The arrow hits Eustachio.
Eustachio is almost dead.
Eustachio closely misses you. The quokka bites you.
You shoot an arrow. The arrow barely misses Eustachio.
Eustachio gestures wildly while chanting.
The quokka bites you but does no damage.
Eustachio closely misses you.
You shoot an arrow.
The arrow hits Eustachio but does no damage.
Eustachio is almost dead.
The quokka barely misses you.
The crimson imp blinks!
The quokka bites you.
You die...

#.##########
###.#... .##
#...#.#####
~~~
#.#........
~##
#.#.#.#.#.#
#~ #.#.#.#
.. #~
#.#.#5#....
#~
#.#r@b¤....
#~##
#.#@#.###..
.~~~
#.#5#... ###
#.. .## #..
+..... +..
#....## #..
#....# #..
#....# #..
#....# #.>
#..


You could see Eustachio, an iron imp (summoned), a shadow imp (summoned), a
quokka (summoned) and a bat (summoned).

Vanquished Creatures
  2 orc priests
  3 adders
  A worm (D:2)
  4 dart slugs
  9 orcs
  4 endoplasms
  5 giant cockroaches
  7 goblins
  9 hobgoblins
  A quokka (D:2)
  6 ball pythons
  6 bats
  2 frilled lizards (D:2)
  4 kobolds
  5 rats
68 creatures vanquished.

Notes
Turn   | Place    | Note
-------+----------+-------------------------------------------
     0 | D:1      | qw the Deep Elf Hunter began the quest for the Orb.
     0 | D:1      | Reached XP level 1. HP: 12/12 MP: 3/3
     0 | D:1      | 0 ||| qw: Version: 0.3-a-22-g0ed2b0b
     0 | D:1      | 0 ||| qw: Game counter: 5141
     0 | D:1      | 0 ||| qw: Melee chars always use a shield: true
     0 | D:1      | 0 ||| qw: God list: Okawaru
     0 | D:1      | 0 ||| qw: Allow faded altars: false
     0 | D:1      | 0 ||| qw: Do Orc after clearing Dungeon:15 true
     0 | D:1      | 0 ||| qw: Do second Lair branch before Depths: true
     0 | D:1      | 0 ||| qw: Lair rune preference: random
     0 | D:1      | 0 ||| qw: Goals: Normal
     0 | D:1      | 0 ||| PLANNING D:1-11
   101 | D:1      | 101 ||| FLEEEEING.
   102 | D:1      | 102 ||| FLEEEEING.
   103 | D:1      | 103 ||| FLEEEEING.
   149 | D:1      | Reached skill level 6 in Ranged Weapons
   149 | D:1      | Reached XP level 2. HP: 16/16 MP: 4/4
   272 | D:1      | 272 ||| FLEEEEING.
   273 | D:1      | 273 ||| FLEEEEING.
   341 | D:1      | Found a faded altar of an unknown god.
   898 | D:1      | 898 ||| UPGRADING to +0 ring mail.
   908 | D:1      | 908 ||| DROPPING +0 leather armour.
   909 | D:1      | 909 ||| UPGRADING to +0 helmet.
   914 | D:1      | 914 ||| READING scroll labelled JEDAEHI HAOPN.
   915 | D:1      | 915 ||| READING scroll labelled PORE WATOM.
   916 | D:1      | 916 ||| DROPPING scroll of butterflies.
  1013 | D:2      | Reached XP level 3. HP: 18/20 MP: 5/5
  1136 | D:2      | Found a bloodstained altar of Trog.
  1175 | D:2      | Reached skill level 7 in Ranged Weapons
  1192 | D:2      | HP: 3/20 [orc priest/+0 mace (7)]
  1195 | D:2      | Reached XP level 4. HP: 4/25 MP: 6/6
  1421 | D:2      | Found Liraogumn's Distillery.
  1441 | D:2      | 1441 ||| BUYING potion of curing (33 gold).
  1441 | D:2      | Bought a potion of curing for 33 gold pieces
  1441 | D:2      | 1441 ||| BUYING potion of haste (110 gold).
  1441 | D:2      | Bought a potion of haste for 110 gold pieces
  1441 | D:2      | 1441 ||| SHOPLISTING potion of heal wounds (55 gold, have
                  | 41).
  1532 | D:2      | 1532 ||| READING 4 scrolls labelled KOG IMUATYTAIX.
  1533 | D:2      | 1533 ||| READING scroll labelled JOCZIN RODDEAPT.
  1534 | D:2      | 1534 ||| READING 3 scrolls of identify.
  1534 | D:2      | 1534 ||| IDENTIFYING grey potion
  1535 | D:2      | 1535 ||| READING 2 scrolls of identify.
  1535 | D:2      | 1535 ||| IDENTIFYING metallic dark potion
  1536 | D:2      | 1536 ||| DROPPING potion of brilliance.
  1537 | D:2      | 1537 ||| DROPPING potion of degeneration.
  1676 | D:3      | 1676 ||| FLEEEEING.
  1677 | D:3      | 1677 ||| FLEEEEING.
  1696 | D:3      | 1696 ||| STAIRDANCE
  1698 | D:2      | 1698 ||| READING 2 scrolls of identify.
  1698 | D:2      | 1698 ||| IDENTIFYING sedimented dark potion
  1705 | D:3      | Reached skill level 8 in Ranged Weapons
  1749 | D:3      | 1749 ||| READING scroll labelled DUEDEILONEMIO.
  1755 | D:3      | 1755 ||| STAIRDANCE
  1908 | D:3      | Reached XP level 5. HP: 10/29 MP: 7/7
  2293 | D:3      | Found a shadowy altar of Dithmenos.
  2362 | D:3      | 2362 ||| READING 4 scrolls of identify.
  2362 | D:3      | 2362 ||| IDENTIFYING fizzy dark potion
  2382 | D:4      | Found a stormy altar of Qazlal.
  2402 | D:4      | Found a blossoming altar of Fedhas.
  2402 | D:4      | Found a sacrificial altar of Ru.
  2548 | D:4      | Noticed Eustachio
  2579 | D:4      | HP: 7/29 [quokka[Eustachio] (3)]
  2582 | D:4      | HP: 3/29 [quokka[Eustachio] (4)]
  2588 | D:4      | HP: 1/29 [quokka[Eustachio] (4)]
  2590 | D:4      | Slain by a quokka

Levels and vault maps discovered:
D:1:      eino_arrival_cavern_a, layout_basic, shapermc_ecumenical_altar_venn,
          minmay_misc_feat_secret_circle
D:2:      minmay_chambers_of_twos, layout_rooms, serial_shops,
          nicolae_shop_trees, basic_altar
D:3:      layout_loops_ring, grunt_dithmenos_smoke_and_mirrors,
          minmay_misc_feat_encased, wad_orctagon
D:4:      layout_basic, mainiacjoe_overflow_tiny_flanked,
          nicolae_overflow_two_pavilions, gammafunk_ghost_arena, uniq_eustachio,
          uniq_pikel, uniq_menkaure, uniq_edmund, uniq_ijyb

Skill      XL: |  1  2  3  4 |
---------------+-------------+-----
Ranged Weapons | 6 7 8 |  8.7
Fighting       | |  1.5
Dodging        | |  2.4
Stealth        | |  1.2

Action                     |  1- 3 |  4- 6 || total
---------------------------+-------+-------++-------
   Fire: Shortbow          |   105 |   137 ||   242
    Use: Scroll            |     2 |     7 ||     9
 Armour: Leather armour    |     4 |       ||     4
         Ring mail         |     4 |    45 ||    49
  Dodge: Dodged            |    12 |    68 ||    80

Table legend:
 A = Non-vault XP
 B = Vault XP
 C = Vault XP percentage of total XP
 D = Non-vault monster count
 E = Vault monster count
 F = Vault count percentage of total count
                 A         B        C        D         E       F
            +---------+---------+-------+---------+---------+-------
      Total |     171 |      77 |  31.0 |      56 |      12 |  17.6
            +---------+---------+-------+---------+---------+-------
        D:1 |      34 |       0 |   0.0 |      20 |       0 |   0.0
        D:2 |      22 |      65 |  74.7 |      11 |       8 |  42.1
        D:3 |      98 |      12 |  10.9 |      18 |       4 |  18.2
        D:4 |      17 |       0 |   0.0 |       7 |       0 |   0.0
            +---------+---------+-------+---------+---------+-------
